 Dungeon Crawl Stone Soup version 0.19-a0-1532-g228a5d9 (webtiles) character file.

78 Amnesiac the Ducker (level 4, -3/35 HPs)
             Began as a Mummy Monk on Sept 13, 2016.
             Slain by a gnoll
             ... wielding a +0 spear
              (10 damage)
             ... on level 2 of the Dungeon.
             The game lasted 00:03:35 (3350 turns).

Amnesiac the Ducker (Mummy Monk)                    Turns: 3350, Time: 00:03:36

Health: -3/35      AC:  2    Str: 14    XL:     4   Next: 15%
Magic:  4/4        EV: 14    Int:  9    God:
Gold:   134        SH:  0    Dex: 15    Spells: 0 memorised, 3 levels left

rFire  x . .     SeeInvis .       - Unarmed
rCold  + . .     Gourm    .     (no armour)
rNeg   + + +     Faith    .     (no shield)
rPois  ∞         Spirit   .     e - +1 helmet
rElec  .         Dismiss  .     (no cloak)
rCorr  .         Reflect  .     (no gloves)
MR     .....     Harm     .     (no boots)
Stlth  ++........               (no amulet)
                                (no ring)
                                (no ring)

@: no status effects
A: no food or potions, fire vulnerability, cold resistance 1, negative energy
resistance 3, torment resistance, unbreathing
a: no special abilities


You were on level 2 of the Dungeon.
You were not hungry.

You visited 1 branch of the dungeon, and saw 3 of its levels.

You collected 134 gold pieces.

Inventory:

Armour
 e - a +1 helmet (worn)
Scrolls
 a - 2 scrolls of remove curse {unknown}
 b - 3 scrolls of identify {unknown}
 c - a scroll of recharging {unknown}
 d - a scroll of immolation {unknown}
 f - a scroll of enchant armour


   Skills:
 - Level 3.0 Fighting
 - Level 3.4 Dodging
 - Level 1.5 Stealth
 + Level 3.3 Unarmed Combat


You had 3 spell levels left.
You didn't know any spells.

Dungeon Overview and Level Annotations

Branches:
Dungeon (3/15)

Altars:
Gozag
Makhleb


Innate Abilities, Weirdness & Mutations

You do not eat or drink.
Your flesh is vulnerable to fire.
You are immune to poison.
Your flesh is cold resistant. (rC+)
You are immune to negative energy. (rN+++)
You are immune to unholy pain and torment.
You can survive without breathing.


Message History

The gnoll hits you with a spear.
You hit the gnoll but do no damage.
The gnoll is almost dead.
The gnoll closely misses you.
You barely miss the gnoll.
The gnoll is almost dead.
The gnoll hits you with a spear!
A gnoll comes into view.
You completely miss the gnoll.
The gnoll is almost dead.
The gnoll barely misses you.
You closely miss the gnoll.
The gnoll is almost dead.
The gnoll hits you with a spear!
* * * LOW HITPOINT WARNING * * *
You barely miss the gnoll.
The gnoll is almost dead.
The gnoll shouts!
The gnoll hits you with a spear!
You die...

##...#####.......# g. #.....#
#####...# #g ##...## ##.## #.
##.## ##...# .# .## #.# #..#.# ##
.# .s. #.# #....# #. .# #.# ##'##
######.#### #.#.###..
##.).###.......>.# #...#...†
#.....##.####.##@# #.##....
.......#.# ##.##g# #..#..⌠.
%..†.....###...#g#########.......
................g....g.g.........
.........###...#.#########...####
.......#.# #..##.# #..##
#.....##.###.###.# #.##
##...###.........# #.# ###+##
#####.##### #.#


You could see 3 gnolls.

Vanquished Creatures
  A gnoll (D:3)
  2 oozes (D:2)
  A worm (D:2)
  A giant gecko (D:1)
  A ball python (D:2)
  4 bats
  6 giant cockroaches
  4 goblins
  5 hobgoblins
  12 jackals
  A quokka (D:2)
  5 giant newts
  4 kobolds
  4 rats
51 creatures vanquished.

Notes
Turn   | Place    | Note
-------+----------+-------------------------------------------
     0 | D:1      | Amnesiac the Mummy Monk began the quest for the Orb.
     0 | D:1      | Reached XP level 1. HP: 18/18 MP: 1/1
   341 | D:1      | Reached XP level 2. HP: 17/24 MP: 2/2
  1094 | D:1      | Reached XP level 3. HP: 11/29 MP: 3/3
  2536 | D:2      | Found a burning altar of Makhleb.
  3080 | D:2      | Found an opulent altar of Gozag.
  3179 | D:2      | Reached XP level 4. HP: 35/35 MP: 4/4
  3350 | D:2      | Slain by a gnoll

Vault maps used:
D:1:      dpeg_arrival_prison, minmay_misc_feat_square
D:2:      makhleb_grotto_becter, minmay_misc_feat_plants, solitary_fountain,
          grunt_gozag_statues
D:3:      first_bread, minmay_checkerbox

Skill      XL: |  1  2  3 |
---------------+----------+-----
Unarmed Combat | 3 |  3.3
Dodging        | 3 |  3.4
Fighting       | |  3.0
Stealth        | |  1.5

Action                   |  1- 3 |  4- 6 || total
-------------------------+-------+-------++-------
Melee: Unarmed           |   236 |    19 ||   255
       Punch             |     6 |       ||     6
  Use: Scroll            |     2 |       ||     2
 Stab: Sleeping          |     6 |       ||     6
       Distracted        |     1 |       ||     1
Armor: Skin              |    14 |       ||    14
Dodge: Dodged            |   132 |     7 ||   139
